 Dungeon Crawl Stone Soup version 0.26-a0-712-ga5a9c9c9d0 (webtiles) character file.

Game seed: 7594802170435447718

6671 MalarOregon the Destroyer (level 10, -22/83 HPs)
             Began as a Yellow Draconian Conjurer on Nov 13, 2020.
             Was an Initiate of Nemelex Xobeh.
             Annihilated by a death yak (29 damage)
             ... on level 8 of the Dungeon.
             The game lasted 00:30:04 (11749 turns).

MalarOregon the Destroyer (DrCj)                   Turns: 11749, Time: 00:30:05

Health: -22/83     AC:  9    Str: 10    XL:     10   Next: 73%
Magic:  6/18       EV: 29    Int: 22    God:    Nemelex Xobeh [......]
Gold:   167        SH:  4    Dex:  9    Spells: 5/19 levels left

rFire    x . .     SeeInvis .   y - staff of poison
rCold    + . .     Faith    .   r - +0 buckler {rPois}
rNeg     . . .     Spirit   .   (armour unavailable)
rPois    +         Reflect  .   (helmet restricted)
rElec    .         Harm     .   A - +0 cloak
rCorr    +         Rampage  .   (no gloves)
MR       .....                  s - +0 pair of boots
Stlth    +++.......             g - amulet of the acrobat
HPRegen  0.23/turn              c - ring of ice
MPRegen  0.16/turn              (no ring)

@: short of breath, acrobat
A: spit acid, unfitting armour, cold-blooded, acid resistance, AC +7
a: Breathe Acid, Draw Escape, Draw Destruction, Draw Summoning, Renounce
Religion


You were on level 8 of the Dungeon.
You worshipped Nemelex Xobeh.
Nemelex Xobeh was noncommittal.
You visited 2 branches of the dungeon, and saw 9 of its levels.

You collected 417 gold pieces.
You spent 250 gold pieces at shops.

Inventory:

Missiles
 m - 6 poisoned darts (quivered)
 u - 4 curare-tipped darts {!f}
Armour
 r - a +0 buckler of poison resistance (worn)
   (You bought it in a shop on level 6 of the Dungeon)
 s - a +0 pair of boots (worn)
   (You bought it in a shop on level 6 of the Dungeon)
 A - a +0 cloak (worn)
   (You took it off Maurice on level 7 of the Dungeon)
 C - a +0 hat
   (You found it on level 8 of the Dungeon)
Magical Staves
 e - an uncursed staff of death
   (You found it on level 3 of the Dungeon)
 y - an uncursed staff of poison (weapon)
   (You found it on level 7 of the Dungeon)
Jewellery
 c - a ring of ice (left hand)
   (You found it on level 2 of the Dungeon)
 g - an amulet of the acrobat (around neck)
   (You found it on level 1 of the Dungeon)
Wands
 t - a wand of flame (12)
   (You found it on level 3 of the Dungeon)
 B - a wand of enslavement (3)
   (You took it off Maurice on level 7 of the Dungeon)
Scrolls
 d - 3 scrolls of fog
 h - 3 scrolls of enchant weapon {unknown}
 k - a scroll of remove curse {@r2}
 l - 4 scrolls of enchant armour
 n - 4 scrolls of magic mapping
 p - 2 scrolls of teleportation {@r4}
 q - a scroll of blinking
 v - a scroll of identify {@r1}
Potions
 a - a potion of cancellation
 b - 3 potions of curing {@q1}
 f - 3 potions of haste {@q3}
 i - a potion of flight
 j - 2 potions of might {unknown}
 o - 3 potions of brilliance
 w - a potion of degeneration {unknown}
 z - 2 potions of stabbing {unknown}


   Skills:
 + Level 6.1 Fighting
 + Level 4.0 Staves
 + Level 5.4 Dodging
 + Level 5.8 Stealth
 - Level 4.0 Shields
 + Level 5.4 Spellcasting
 * Level 9.1 Conjurations
 - Level 4.0 Hexes
 + Level 3.2 Invocations
 + Level 3.1 Evocations


You had 5 spell levels left.
You knew the following spells:

 Your Spells              Type           Power        Failure   Level
a - Magic Dart            Conj           ####         1%          1
b - Dazzling Flash        Conj/Hex       ####..       1%          3
s - Searing Ray           Conj           #####.       1%          2
x - Iskenderun's Mystic   Conj/Tloc      ####....     14%         4
z - Fulminant Prism       Conj/Hex       ####......   6%          4

Your spell library contained the following spells:

 Spells                   Type           Power        Failure   Level
 Beastly Appendage        Tmut           #.....       10%         1
 Wereblood                Tmut           #.......     14%         2
 Spider Form              Tmut/Pois      #.........   28%         3
 Ice Form                 Ice/Tmut       #.......     67%         4
 Blade Hands              Tmut           #.........   95%         5


Dungeon Overview and Level Annotations

Branches:
Dungeon (8/15)             Temple (1/1) D:7            Lair (0/6) D:8

Altars:
Ashenzari
Cheibriados
Dithmenos
Elyvilon
Fedhas
Gozag
Hepliaklqana
Kikubaaqudgha
Makhleb
Nemelex Xobeh
Okawaru
Qazlal
Ru
Sif Muna
Trog
Uskayaw
Vehumet
Wu Jian
Xom
Yredelemnul
Zin
The Shining One

Shops:
D:4 ?   D:5 }   D:6 [

Annotations:
D:5 1 runed translucent door, Crazy Yiuf
D:8 2 transporters, kae's ghost, novice TeTm


Innate Abilities, Weirdness & Mutations

You can spit globs of acid.
Your golden yellow scales are hard. (AC +7)
You cannot fit into any form of body armour.
You are cold-blooded and may be slowed by cold attacks.
You are resistant to acid. (rCorr)


Message History

The death yak is splashed with acid!
The acid corrodes the death yak!
Aim: a death yak (lightly wounded, covered in acid)
The searing ray hits the death yak! (Press . to maintain the ray.)
The searing ray hits the death yak!
The death yak completely misses you.
The searing ray hits the death yak.
The death yak misses you.
The searing ray hits the death yak!
You finish channeling your searing ray.
The death yak misses you.
Aim: a death yak (heavily wounded, covered in acid)
The searing ray hits the death yak. (Press . to maintain the ray.)
The death yak gores you!
The searing ray hits the death yak!
The death yak gores you but does no damage.
The searing ray hits the death yak!
The death yak barely misses you.
The searing ray hits the death yak!
You kill the death yak!
Your Staves skill increases to level 4!
Your Conjurations skill increases to level 9!
Your Evocations skill increases to level 3!
You finish channeling your searing ray.
The death yak bellows!
You have got your breath back.
Aim: a death yak You spit a glob of acid.
The glob of acid hits the death yak!
The death yak is splashed with acid.
The death yak snorts and paws the ground.
You have got your breath back.
Aim: a death yak You spit a glob of acid.
The glob of acid hits the death yak!
The death yak is splashed with acid.
The acid corrodes the death yak!
The death yak gores you!!
Okay, then.
Aim: a death yak (moderately wounded, covered in acid)
The searing ray hits the death yak! (Press . to maintain the ray.)
The death yak gores you!!
* * * LOW HITPOINT WARNING * * *
The searing ray hits the death yak!
You block the death yak's attack.
The searing ray hits the death yak!
The death yak misses you.
The searing ray hits the death yak!
You finish channeling your searing ray.
The death yak closely misses you.
Aim: a death yak (severely wounded, covered in acid)
The searing ray hits the death yak! (Press . to maintain the ray.)
The death yak gores you!!
* * * LOW HITPOINT WARNING * * *
The searing ray hits the death yak!
The death yak gores you!!
You die...
Your body disappears without a glow.

..># ##.#..### ### ..##
#..###..###.## #.# #.##
##......## ..# ##.#
###.....# .######..#
#..##..# .###...#..#
##.####.##
.....####..###.## #..##
.# .)####
#......####...#..# ..##
#..###.@##..##...## ...#
#..# ##.Y..####.....
##...(. #. ## #...##
#..#### ####[..
#...####.## ©#.. .#
##.........#
.##.###.###...###....#
...
.#.##...#...####....##..#
..##.
#.#........###........#
#...
#.....>##......###.#.##


You could see a death yak (corroded).

Vanquished Creatures
  5 death yaks
  Maurice (D:7)
  A wyvern (D:8)
  Edmund (D:5)
  2 orc warriors (D:7)
  2 sky beasts
  A black bear (D:7)
  An ogre (D:7)
  A centaur (D:7)
  6 bullfrogs
  Blork the orc (D:6)
  10 killer bees (D:7)
  7 scorpions
  A howler monkey (D:7)
  2 jellies
  A bullfrog zombie (D:7)
  3 hounds
  6 orc priests
  2 bullfrog skeletons
  A centaur skeleton (D:6)
  10 orc wizards
  Ijyb (D:4)
  4 worker ants
  A hound skeleton (D:6)
  A worker ant zombie (D:7)
  A howler monkey zombie (D:7)
  10 adders
  5 shadow imps
  2 ufetubi (D:7)
  2 adder skeletons
  2 worms
  6 leopard geckos
  23 orcs
  A ball python (D:1)
  3 giant cockroaches
  8 goblins
  9 hobgoblins
  16 jackals
  6 kobolds
  4 quokkas
  10 bats
  8 frilled lizards
  A quokka zombie (D:5)
  13 rats
202 creatures vanquished.

Vanquished Creatures (collateral kills)
  An orc wizard (D:8)
  An orc (D:8)
2 creatures vanquished.

Vanquished Creatures (others)
  7 fungi
7 creatures vanquished.

Grand Total: 211 creatures vanquished

Notes
Turn   | Place    | Note
-------+----------+-------------------------------------------
     0 | D:1      | MalarOregon the Draconian Conjurer began the quest for the
                  | Orb.
     0 | D:1      | Reached XP level 1. HP: 14/14 MP: 3/3
   163 | D:1      | Reached XP level 2. HP: 21/22 MP: 1/5
   417 | D:1      | Reached skill level 1 in Fighting
   651 | D:1      | Reached XP level 3. HP: 28/28 MP: 3/6
   867 | D:2      | Learned a level 2 spell: Searing Ray
   871 | D:2      | Learned a level 3 spell: Dazzling Flash
  1738 | D:3      | Found a shimmering altar of Xom.
  1752 | D:3      | Reached XP level 4. HP: 36/36 MP: 0/7
  2021 | D:3      | Found a transporter.
  2058 | D:3      | Found a transporter.
  2097 | D:3      | You fall into a shaft and drop 3 floors!
  2156 | D:6      | Reached XP level 5. HP: 40/41 MP: 0/8
  2481 | D:6      | Reached skill level 5 in Conjurations
  2481 | D:6      | Reached skill level 1 in Hexes
  2608 | D:6      | Noticed Blork the orc
  2616 | D:6      | Killed Blork the orc
  2616 | D:6      | Reached XP level 6. HP: 45/50 MP: 1/10
  2901 | D:5      | Entered Level 5 of the Dungeon
  3079 | D:5      | Noticed Edmund
  3176 | D:5      | Noticed a sky beast
  3196 | D:5      | Killed a sky beast
  3196 | D:5      | Your scales start taking on a golden yellow colour.
  3196 | D:5      | Reached XP level 7. HP: 43/57 MP: 0/11
  3196 | D:5      | Gained mutation: You are resistant to acid. (rCorr) [Yellow
                  | Draconian growth]
  3309 | D:5      | Found a hazy altar of Hepliaklqana.
  4213 | D:3      | Reached skill level 6 in Conjurations
  4391 | D:4      | Noticed Ijyb
  4397 | D:4      | Killed Ijyb
  5259 | D:4      | Learned a level 4 spell: Fulminant Prism
  5265 | D:4      | Found a bloodstained altar of Trog.
  5424 | D:4      | Found Jiych's Magic Scroll Boutique.
  5439 | D:4      | Bought a scroll of fog for 22 gold pieces
  5439 | D:4      | Bought a scroll of fog for 22 gold pieces
  5439 | D:4      | Bought a scroll of magic mapping for 38 gold pieces
  5669 | D:5      | Found a radiant altar of Vehumet.
  5669 | D:5      | Found a shimmering blue altar of Sif Muna.
  5680 | D:5      | Found Sopumie's Gadget Shoppe.
  5775 | D:5      | Found an iron altar of Okawaru.
  5839 | D:5      | Found a sparkling altar of Nemelex Xobeh.
  5850 | D:5      | Reached XP level 8. HP: 64/66 MP: 9/13
  5858 | D:5      | Learned a level 4 spell: Iskenderun's Mystic Blast
  6043 | D:5      | Found a blossoming altar of Fedhas.
  6044 | D:5      | Found a shadowy altar of Dithmenos.
  6049 | D:5      | Found an opulent altar of Gozag.
  6051 | D:5      | Found a sacrificial altar of Ru.
  6052 | D:5      | Found a broken altar of Ashenzari.
  6052 | D:5      | Found a glowing golden altar of the Shining One.
  6075 | D:5      | Became a worshipper of Nemelex Xobeh the Trickster
  6197 | D:5      | Killed Edmund
  6473 | D:5      | Found a runed translucent door.
  6474 | D:5      | Noticed Crazy Yiuf
  6711 | D:6      | Reached skill level 1 in Staves
  6827 | D:6      | Found Vesoxop's Armour Shop.
  6831 | D:6      | Bought a +0 buckler of poison resistance for 110 gold
                  | pieces
  6831 | D:6      | Bought a +0 pair of boots for 58 gold pieces
  7117 | D:7      | Reached skill level 1 in Shields
  7118 | D:7      | Reached skill level 7 in Conjurations
  7929 | D:7      | Reached XP level 9. HP: 72/72 MP: 9/15
  9006 | D:7      | Found a staircase to the Ecumenical Temple.
  9012 | Temple   | Entered the Ecumenical Temple
  9320 | D:7      | Found a sparkling altar of Nemelex Xobeh.
  9349 | D:8      | Noticed a death yak
  9433 | D:8      | Reached skill level 5 in Fighting
  9539 | D:8      | Noticed a death yak
  9552 | D:7      | Killed a death yak
  9552 | D:7      | Reached skill level 8 in Conjurations
  9552 | D:7      | Reached skill level 1 in Invocations
  9552 | D:7      | Reached skill level 1 in Evocations
  9826 | D:8      | Noticed Maurice
  9831 | D:7      | Reached skill level 5 in Stealth
  9890 | D:8      | Noticed a death yak
  9892 | D:8      | Noticed a death yak
  9924 | D:7      | Killed Maurice
 10033 | D:8      | Found a transporter.
 10041 | D:8      | Noticed kae's ghost (novice TeTm)
 10042 | D:8      | Noticed a moth of wrath
 10127 | D:8      | Found a transporter.
 10138 | D:8      | Found a shadowy altar of Dithmenos.
 10143 | D:8      | Found a staircase to the Lair.
 10150 | D:8      | Reached XP level 10. HP: 81/81 MP: 9/17
 10242 | D:8      | Noticed a death yak
 10243 | D:8      | Noticed a death yak
 10793 | D:7      | Killed a death yak
 10793 | D:7      | Reached skill level 5 in Dodging
 10793 | D:7      | Reached skill level 5 in Spellcasting
 11089 | D:7      | Killed a death yak
 11273 | D:7      | Killed a death yak
 11708 | D:8      | Killed a death yak
 11708 | D:8      | Reached skill level 9 in Conjurations
 11749 | D:8      | Annihilated by a death yak

Illustrated notes

Levels and vault maps discovered:
D:1:      lemuel_arrival_hallway, layout_rooms
D:2:      layout_loops_ring
D:3:      gammafunk_wand_slinger, layout_loops_ring, grunt_decor_resistance,
          xom_teletrap_fun
D:4:      old_forge, layout_basic, kennysheep_mini, serial_shops, shop,
          uniq_ijyb
D:5:      layout_rooms, grunt_temple_overflow_open,
          gammafunk_temple_overflow_wave, serial_shops, shop,
          okawaru_altar_gauntlet_db, uniq_crazy_yiuf_cottage, uniq_edmund
D:6:      layout_gridville, serial_shops, shop, uniq_blork_the_orc
D:7:      layout_loops_cross, minmay_temple_entry_drinking_statues,
          nemelex_diamond_rough_becter
D:8:      layout_layer_cave, dpeg_lair_monsters, serial_shops, shop,
          gammafunk_ghost_berserking_beasts, grunt_dithmenos_smoke, uniq_maurice
Temple:   minmay_temple_curvy_loop

Skill      XL: |  1  2  3  4  5  6  7  8  9 10 |
---------------+-------------------------------+-----
Stealth        | 2 3 4 5 |  5.8
Dodging        | 2 3 4 5 |  5.4
Fighting       | 1 2 3 4 5 6 |  6.1
Conjurations   | 5 6 7 8 9 |  9.1
Hexes          | 1 2 3 4 |  4.0
Spellcasting   | 3 4 5 |  5.4
Staves         | 1 3 4 |  4.0
Shields        | 2 4 |  4.0
Invocations    | 1 3 |  3.2
Evocations     | 1 3 |  3.1

Action                   |  1- 3 |  4- 6 |  7- 9 | 10-12 || total
-------------------------+-------+-------+-------+-------++-------
Melee: Short sword       |    45 |       |       |       ||    45
       Unarmed           |     1 |       |       |       ||     1
       Long sword        |     8 |    30 |    23 |       ||    61
       Tailslap          |     2 |     6 |    12 |       ||    20
       Staff             |       |       |    46 |    25 ||    71
Throw: Dart              |       |    14 |     9 |       ||    23
 Cast: Magic Dart        |    62 |    65 |   335 |    36 ||   498
       Searing Ray       |       |     5 |    17 |    12 ||    34
       Dazzling Flash    |       |     1 |     4 |       ||     5
 Abil: Breathe Acid      |       |       |    16 |     8 ||    24
Evoke: Wand              |       |       |     3 |     9 ||    12
  Use: Scroll            |     3 |     1 |     9 |       ||    13
       Potion            |       |       |     2 |       ||     2
 Stab: Sleeping          |     1 |       |     1 |       ||     2
Armor: Skin              |    20 |    24 |    75 |    17 ||   136
Dodge: Dodged            |    35 |    44 |   177 |    56 ||   312
Block: Buckler           |       |       |    35 |    16 ||    51
       Rpst.: Long sword |     4 |    16 |    17 |       ||    37

Table legend: (Time is in decaauts)
 A = Elapsed time spent in this place.
 B = Non-inter-level travel time spent in this place.
 C = Inter-level travel time spent in this place.
 D = Time resting spent in this place.
 E = Time spent auto-exploring this place.
 F = Levels seen in this place.
 G = Mean time per level.
                   A        B        C        D        E       F      G
               +--------+--------+--------+--------+--------+-----+--------+
         Total |  11796 |  11420 |    376 |   3909 |   5857 |   9 | 1310.7 |
       Dungeon |  11583 |  11229 |    354 |   3909 |   5668 |   8 | 1447.9 |
        Temple |    212 |    190 |     22 |      0 |    189 |   1 |  212.0 |
               +--------+--------+--------+--------+--------+-----+--------+

Top non-repeatable levels by time:
     D:7: 3802 daAuts
     D:3: 1349 daAuts
     D:4: 1298 daAuts
     D:5: 1289 daAuts
     D:6: 1196 daAuts
     D:2: 937 daAuts
     D:1: 862 daAuts
     D:8: 847 daAuts
  Temple: 212 daAuts
